 Dungeon Crawl Stone Soup version 0.27.1-35-g4d5d836560 (webtiles) character file.

Game seed: 6920097883418869673

289 Delamore the Sneak (level 6, -3/44 HPs)
             Began as an Octopode Brigand on June 22, 2022.
             Splashed by an orc's acid (12 damage)
             ... on level 3 of the Dungeon.
             The game lasted 00:03:31 (2819 turns).

Delamore the Sneak (Octopode Brigand)               Turns: 2819, Time: 00:03:32

Health: -3/44      AC: -3    Str: 11    XL:     6   Next: 31%
Magic:  6/6        EV: 14    Int: 15    God:
Gold:   154        SH:  0    Dex: 13    Spells: 5/5 levels left

rFire    . . .     SeeInvis .   k - +1 dagger (venom)
rCold    . . .     Faith    .   (no shield)
rNeg     . . .     Spirit   .   (helmet restricted)
rPois    .         Reflect  .   (no amulet)
rElec    .         Harm     .   (no ring)
rCorr    .         Rampage  .   (no ring)
Will     .....                  (no ring)
Stlth    ++++......             (no ring)
HPRegen  0.14/turn              (no ring)
MPRegen  0.10/turn              (no ring)
                                (no ring)
                                (no ring)

@: corroded
A: almost no armour, amphibious, 8 rings, camouflage 1, gelatinous body 1,
(nimble swimmer 1), tentacles
a: no special abilities


You were on level 3 of the Dungeon.
You visited 1 branch of the dungeon, and saw 3 of its levels.

You collected 154 gold pieces.

Inventory:

Hand Weapons
 a - a +2 dagger
 k - a +1 dagger of venom (weapon)
Missiles
 b - 16 poisoned darts (quivered)
 i - 2 curare-tipped darts
Jewellery
 g - a ring of willpower
Wands
 h - a wand of flame (8)
Scrolls
 d - a scroll of noise
 e - a scroll of vulnerability {unknown}
 j - a scroll of amnesia {unknown}
 m - a scroll of identify {unknown}
 o - a scroll of brand weapon {unknown}
 p - a scroll of fog {unknown}
Potions
 c - 2 potions of heal wounds {unknown}
 f - 2 potions of haste {unknown}
 l - a potion of attraction {unknown}
 n - a potion of curing {unknown}
 q - a potion of invisibility {unknown}


   Skills:
 + Level 4.7 Fighting
 - Level 2.0 Short Blades
 - Level 2.0 Throwing
 + Level 4.3 Dodging
 - Level 5.3 Stealth


You had 5 spell levels left.
You didn't know any spells.
Your spell library contained the following spells:

 Spells                   Type           Power      Damage    Failure   Level
 Sting                    Tmut/Pois      0%         1d3       26%         1
 Corpse Rot               Necr/Air       N/A        N/A       38%         2
 Poisonous Vapours        Pois/Air       0%         N/A       38%         2
 Dispel Undead            Necr           0%         3d6       95%         4
 Olgreb's Toxic Radiance  Pois           0%         N/A       95%         4
 Death Channel            Necr           0%         N/A       100%        6


Dungeon Overview and Level Annotations

Branches:
Dungeon (3/15)

Altars:

Shops:
D:1 [=[[


Innate Abilities, Weirdness & Mutations

You cannot wear most types of armour.
You are amphibious.
You can wear up to eight rings at the same time.
Your skin changes colour to match your surroundings (Stealth+).
Your rubbery body absorbs attacks. (AC +1, EV +1)
((You are camouflaged near water. (Stealth+)))
You have tentacles for arms and can constrict up to eight enemies at once.


Message History

No target in view!
You now have 151 gold pieces (gained 4).
Found 3 gold pieces.
You now have 154 gold pieces (gained 3).
Found a club.
No target in view!
An orc comes into view.
It is wielding a +0 short sword and carrying a wand of acid (10).
An orc is nearby!
An orc is nearby!
An orc comes into view. It is wielding a +0 spear.
An orc comes into view. It is wielding a +0 mace.
The orc shouts!
You hear a shout! x2
An orc comes into view. It is wielding a +0 flail.
The orc shouts!
Found a stone staircase leading up.
A goblin comes into view. It is wielding a +0 club.
The orc completely misses you.
The orc zaps a wand.
The bolt of acid hits you! The acid corrodes you!
You are splashed with acid!
The orc shouts!
You hit the orc but do no damage. You grab the orc. You constrict the orc.
The orc hits you with a +0 spear. The orc misses you.
You barely miss the orc.
The orc is heavily wounded.
You constrict the orc. The orc misses you.
The orc hits you with a +0 short sword.
You are too injured to fight recklessly!
You are too injured to fight recklessly!
You are too injured to fight recklessly!
You are too injured to fight recklessly!
You are too injured to fight recklessly!
You are too injured to fight recklessly!
You are too injured to fight recklessly!
You are too injured to fight recklessly!
You are too injured to fight recklessly!
You are too injured to fight recklessly!
You release your grip on the orc.
The orc barely misses you.
The orc zaps a wand.
The bolt of acid hits you!
* * * LOW HITPOINT WARNING * * *
You are splashed with acid!
You die...

#.......# #.# #.......
#.# #....... #.# #....og#
#.# #..oo# # #.# #o# .#
#.# # #o##.####.###
#.####.#..<......#######
##......@..####..........
..........## ##...######
#######.### ###...### #
#.# #.......# #
#.######.......#### #
#.................. .
#..#####.#...###### #..#
#.#...# #..# #.#####


You could see 5 orcs and a goblin.

Vanquished Creatures
  Sigmund (D:2)
  Robin (D:2)
  3 adders (D:2)
  A white imp (D:3)
  3 worms (D:3)
  A dart slug (D:3)
  4 orcs
  9 endoplasms
  3 giant cockroaches
  13 goblins
  11 hobgoblins
  4 jackals
  5 kobolds
  A quokka (D:2)
  6 ball pythons
  3 bats
  5 frilled lizards
  A rat (D:1)
75 creatures vanquished.

Notes
Turn   | Place    | Note
-------+----------+-------------------------------------------
     0 | D:1      | Delamore the Octopode Brigand began the quest for the Orb.
     0 | D:1      | Reached XP level 1. HP: 14/14 MP: 1/1
   117 | D:1      | Found a faded altar of an unknown god.
   126 | D:1      | Reached XP level 2. HP: 20/20 MP: 2/2
   141 | D:1      | Found Ashroash's Antique Armour Boutique.
   317 | D:1      | Found Saaw's Antique Armour Shoppe.
   466 | D:1      | Found Nanoij's Jewellery Emporium.
   496 | D:1      | Found Ubeoqamm's Armour Shoppe.
   703 | D:2      | Reached XP level 3. HP: 25/25 MP: 3/3
   804 | D:2      | Noticed Sigmund
   811 | D:2      | Killed Sigmund
   812 | D:2      | Reached XP level 4. HP: 24/33 MP: 4/4
   812 | D:2      | Reached XP level 5. HP: 26/37 MP: 5/5
  1084 | D:2      | Noticed Robin
  1604 | D:2      | Killed Robin
  1605 | D:2      | Reached XP level 6. HP: 18/44 MP: 6/6
  2819 | D:3      | Splashed by an orc's acid

Illustrated notes

Levels and vault maps discovered:
D:1:      dpeg_arrival_round_b, layout_rooms, ebering_ecumenical_altar_webs,
          serial_shops, nicolae_lakefront_shop, shop_statue,
          nicolae_shop_temple_entry_statues_fountains, nicolae_shop_statue_plus,
          minmay_misc_feat_encased
D:2:      layout_basic, uniq_sigmund, uniq_robin
D:3:      layout_loops_ring

Skill      XL: |  1  2  3  4  5 |
---------------+----------------+-----
Dodging        | 2 3 4 |  4.3
Fighting       | 4 |  4.7
Short Blades   | |  2.0
Throwing       | |  2.0
Stealth        | |  5.3

Action                   |  1- 3 |  4- 6 || total
-------------------------+-------+-------++-------
Melee: Dagger            |    44 |   102 ||   146
       Constrict         |    10 |    28 ||    38
       Tentacles         |     5 |    16 ||    21
Throw: Dart              |       |    14 ||    14
  Use: Scroll            |       |     1 ||     1
 Stab: Sleeping          |    11 |     7 ||    18
Armor: Skin              |       |     5 ||     5
Dodge: Dodged            |    15 |    67 ||    82
